 Dungeon Crawl Stone Soup version 0.31.0-32-g396128a36d (webtiles) character file.

Game seed: 9761610309748597124

5538 Tovical the Fighter (level 10, 0/105 HPs)
             Began as a Gargoyle Fighter on Mar 10, 2024.
             Was a Believer of Zin.
             Slain by Snorg (2 damage)
             ... on level 10 of the Dungeon.
             The game lasted 00:48:04 (9203 turns).

Tovical the Fighter (Gargoyle Fighter)              Turns: 9203, Time: 00:48:04

Health: 0/105      AC: 35    Str: 23    XL:     10   Next: 71%
Magic:  13/14      EV:  5    Int: 14    God:    Zin [**....]
Gold:   307        SH:  8    Dex: 11    Spells: 9/9 levels left

rFire   . . .        u - +1 flail (protect)
rCold   . . .        p - +0 kite shield
rNeg    + + .        e - +0 plate armour
rPois   ∞            C - +1 hat
rElec   +            c - +2 cloak
rCorr   .            x - +0 pair of gloves
SInv    .            (no boots)
Will    .....        m - amulet of the acrobat Stlth
                     j - ring of positive energy
HPRegen 0.37/turn    I - +4 ring of protection
MPRegen 0.14/turn

%: acrobat
@: berserking (expiring), vitalised, under a protective aura, very quick
A: sickness immunity, AC +7, negative energy resistance 1, electricity
resistance, torment resistance 1, petrification resistance
a: Renounce Religion, Recite, Vitalisation, Donate Gold


You were on level 10 of the Dungeon.
You worshipped Zin.
Zin was pleased with you.
You visited 3 branches of the dungeon, and saw 13 of its levels.
You visited the Abyss 1 time.

You collected 502 gold pieces.
You spent 145 gold pieces at shops.
You donated 50 gold pieces to Zin.

Inventory:

Hand Weapons
 a - a +1 flail
 u - a +1 flail of protection (weapon)
 y - a +3 scimitar of flaming
 F - a +0 flail of holy wrath
 G - a +0 morningstar
Missiles
 f - 9 poisoned darts (quivered)
 v - 2 throwing nets
 E - a curare-tipped dart
Armour
 c - a +2 cloak (worn)
 e - a +0 plate armour (worn)
 p - a +0 kite shield (worn)
 x - a +0 pair of gloves (worn)
 C - a +1 hat (worn)
Jewellery
 j - a ring of positive energy (left hand)
 m - an amulet of the acrobat (around neck)
 I - a +4 ring of protection (right hand)
Wands
 o - a wand of flame (6)
 z - a wand of roots (3)
Scrolls
 h - 3 scrolls of fog
 i - 2 scrolls of revelation
 k - a scroll of poison
 l - 3 scrolls of teleportation
 w - a scroll of silence
 A - a scroll of enchant armour {unknown}
Potions
 b - 5 potions of curing
 d - 2 potions of attraction
 g - 2 potions of enlightenment
 n - a potion of berserk rage
 q - 2 potions of brilliance
 r - a potion of invisibility {unknown}
 s - a potion of mutation {unknown}
 t - a potion of resistance {unknown}
 B - a potion of cancellation {unknown}


   Skills:
 + Level 11.4 Fighting
 + Level 10.2 Maces & Flails
 - Level 4.1 Armour
 - Level 4.1 Shields
 - Level 6.2 Invocations


You had 9 spell levels left.
You didn't know any spells.
Your spell library contained the following spells:

 Spells                   Type           Power      Damage    Failure   Level
 Apportation              Tloc           0%         N/A       100%        1
 Necrotise                Necr           0%         1d4       100%        1
 Sting                    Conj/Alch      0%         1d3       100%        1
 Summon Small Mammal      Summ           0%         N/A       100%        1
 Blink                    Tloc           0%         N/A       100%        2
 Jinxbite                 Hex            0%         N/A       100%        2
 Lesser Beckoning         Tloc           0%         N/A       100%        2
 Momentum Strike          Conj/Tloc      0%         3d8       100%        2
 Vampiric Draining        Necr           0%         2d6       100%        3
 Animate Dead             Necr           0%         N/A       100%        4
 Martyr's Knell           Necr/Summ      0%         N/A       100%        4
 Passage of Golubria      Tloc           0%         N/A       100%        4
 Alistair's Intoxication  Alch           0%         N/A       100%        5
 Curse of Agony           Necr           0%         N/A       100%        5
 Silence                  Hex/Air        0%         N/A       100%        5
 Haunt                    Necr/Summ      0%         N/A       100%        7
 Infestation              Necr           0%         N/A       100%        8
 Lehudib's Crystal Spear  Conj/Erth      0%         10d2      100%        8


Dungeon Overview and Level Annotations

Branches:
Dungeon (11/15)            Temple (1/1) D:4             Orc (1/2) D:9
   Lair: D:8-11

Altars:
Ashenzari
Cheibriados
Dithmenos
Elyvilon
Fedhas
Gozag
Hepliaklqana
Kikubaaqudgha
Makhleb
Nemelex Xobeh
Okawaru
Qazlal
Ru
Sif Muna
Trog
Uskayaw
Vehumet
Wu Jian
Xom
Yredelemnul
Zin
The Shining One

Shops:
D:8 (   D:9 :   D:10 [

Annotations:
D:10 Snorg


Innate Abilities, Weirdness & Mutations

You are immune to sickness and miasma.
Your stone body is resilient. (AC +7)
You are immune to poison.
You resist negative energy. (rN+)
You are resistant to electric shocks. (rElec)
You are resistant to unholy torment.
You are immune to petrification.


Message History

Snorg is moderately wounded.
Snorg closely misses you. Snorg barely misses you.
Snorg claws you but does no damage.
You hit Snorg.
Your weapon exudes an aura of protection.
Snorg is heavily wounded.
You hit Snorg.
Snorg is heavily wounded.
Snorg bites you but does no damage. Snorg claws you!
* * * LOW HITPOINT WARNING * * *
You block Snorg's attack.
You bludgeon Snorg!!
Snorg is severely wounded.
Snorg barely misses you. Snorg claws you but does no damage. x2
You sock Snorg!
Snorg is severely wounded.
You block Snorg's attack. Snorg barely misses you. You block Snorg's attack.
You hit Snorg.
Snorg is severely wounded.
You closely miss Snorg.
Snorg is severely wounded.
Snorg is no longer moving slowly.
Snorg bites you!
* * * LOW HITPOINT WARNING * * *
Snorg claws you but does no damage. You block Snorg's attack.
You sock Snorg!
Snorg is almost dead.
You block Snorg's attack. Snorg claws you!
* * * LOW HITPOINT WARNING * * *
Snorg claws you but does no damage.
You barely miss Snorg.
Snorg is almost dead.
Snorg bites you.
* * * LOW HITPOINT WARNING * * *
Snorg claws you.
* * * LOW HITPOINT WARNING * * *
You block Snorg's attack.
You bludgeon Snorg!!
Snorg is almost dead.
Snorg barely misses you. Snorg claws you.
You die...

#.#####.≈≈.≈≈..########.##
###.#####§§...≈... #.#
#......#..≈.8.≈).. #.#
#........§§...... #.#
#......###....... #.#
###.#### #.# #.####### #.#
#.......### #..
#######yT@# .....(.###
.......# .......# ........
.......# ..~..... .
.~~~~..


You could see Snorg (berserk, poisoned) and a hornet.

Vanquished Creatures
  Erica (D:9)
  Jeremiah (D:6)
  2 hornets
  A shadow (D:8)
  8 yaks
  2 steam dragons
  Eustachio (D:5)
  A water moccasin (D:6)
  A sky beast (D:7)
  An orc warrior (D:10)
  A black bear (D:5)
  2 ogres
  4 centaurs
  2 kobold brigands (D:10)
  3 bullfrogs
  A gnoll sergeant (D:9)
  A scorpion (D:4)
  4 wights (D:9)
  5 killer bees (D:10)
  A howler monkey (D:9)
  3 orc priests
  A bombardier beetle (D:4)
  2 gnoll boudas
  2 iguanas
  Terence (D:2)
  A sleepcap (D:3)
  6 orc wizards
  14 gnolls
  8 adders
  3 river rats (D:6)
  4 white imps
  4 ufetubi (D:6)
  2 ribbon worms
  2 dart slugs
  21 orcs
  11 ball pythons
  5 endoplasms
  5 giant cockroaches
  9 goblins
  6 hobgoblins
  2 quokkas (D:1)
  7 bats
  2 frilled lizards
  11 kobolds
  8 rats
183 creatures vanquished.

Vanquished Creatures (others)
  An orc (Orc:1)
1 creature vanquished.

Grand Total: 184 creatures vanquished

Notes
Turn   | Place    | Note
-------+----------+-------------------------------------------
     0 | D:1      | Tovical the Gargoyle Fighter began the quest for the Orb.
     0 | D:1      | Reached XP level 1. HP: 14/14 MP: 1/1
   192 | D:1      | Reached XP level 2. HP: 19/19 MP: 2/2
   856 | D:3      | Noticed Terence
   873 | D:2      | Reached XP level 3. HP: 24/24 MP: 3/3
   991 | D:2      | Found a faded altar of an unknown god.
  1219 | D:2      | Found a radiant altar of Vehumet.
  1282 | D:2      | Reached XP level 4. HP: 28/29 MP: 4/4
  1506 | D:2      | Identified the +3 ring mail of the Arcane {rPois Dex-4
                  | Slay-2 Stlth+}
  1700 | D:2      | Reached skill level 4 in Fighting
  1963 | D:3      | Identified the +6 spear "Ogretux" {drain, Dex+3}
  2027 | D:3      | Reached XP level 5. HP: 33/33 MP: 5/5
  2461 | D:2      | Killed Terence
  2462 | D:2      | Reached skill level 5 in Fighting
  2462 | D:2      | Reached XP level 6. HP: 40/40 MP: 6/6
  2556 | D:4      | Found a staircase to the Ecumenical Temple.
  2569 | Temple   | Entered the Ecumenical Temple
  2682 | D:5      | Entered Level 5 of the Dungeon
  2736 | D:4      | Found a sparkling altar of Nemelex Xobeh.
  3051 | D:4      | Reached XP level 7. HP: 45/45 MP: 7/7
  3377 | D:5      | Found a shimmering altar of Xom.
  3437 | D:6      | Reached skill level 6 in Fighting
  3444 | D:6      | Reached skill level 5 in Maces & Flails
  3549 | D:6      | Noticed Jeremiah
  3623 | D:5      | Noticed Eustachio
  3640 | D:5      | Killed Eustachio
  3846 | D:6      | Reached skill level 7 in Fighting
  3890 | D:6      | Reached XP level 8. HP: 50/53 MP: 8/8
  3895 | D:6      | Identified the +1 ring mail of Twilight {MP+9 Str-2 Dex+5
                  | Slay+4}
  3968 | D:6      | Killed Jeremiah
  4341 | D:4      | Reached skill level 8 in Fighting
  4407 | D:5      | Found an ornate altar of the Wu Jian Council.
  4413 | D:5      | Found a shimmering blue altar of Sif Muna.
  4414 | D:5      | Found a glowing silver altar of Zin.
  4420 | D:5      | Became a worshipper of Zin the Law-Giver
  4420 | D:5      | Reached * piety under Zin
  4447 | D:5      | Reached ** piety under Zin
  4952 | D:6      | Reached skill level 1 in Invocations
  5138 | D:6      | Found a bloodstained altar of Trog.
  5309 | D:7      | Reached XP level 9. HP: 60/60 MP: 10/10
  5474 | D:7      | Identified the +1 shortbow of Friendship {antimagic, *Slow
                  | rElec rN++ Stlth-}
  5707 | D:7      | Noticed a hornet
  5717 | D:7      | Killed a hornet
  5718 | D:7      | Reached skill level 9 in Fighting
  5871 | D:7      | Found a blossoming altar of Fedhas.
  6305 | D:8      | Found Giozeppi's Weapon Emporium.
  6468 | Abyss:1  | Cast into level 1 of the Abyss (gnoll)
  6473 | Abyss:1  | Noticed a large abomination
  6487 | Abyss:1  | Found a corrupted altar of Lugonu.
  6517 | Abyss:2  | Noticed a large abomination
  6524 | D:8      | Escaped the Abyss
  6859 | D:9      | Found Ryawoj's Self-Improvement Boutique.
  6860 | D:9      | Noticed Erica
  6964 | D:8      | Bought a +1 flail of protection for 145 gold pieces
  7315 | D:9      | Killed Erica
  7316 | D:9      | Reached skill level 5 in Invocations
  7468 | D:10     | Entered Level 10 of the Dungeon
  7488 | D:9      | Reached skill level 10 in Fighting
  7523 | D:9      | Found an iron altar of Okawaru.
  7539 | D:9      | Noticed a hornet
  7551 | D:9      | Killed a hornet
  7552 | D:9      | Reached XP level 10. HP: 52/68 MP: 12/14
  7909 | D:9      | Reached *** piety under Zin
  8075 | D:9      | Found a staircase to the Orcish Mines.
  8415 | Orc:1    | Entered Level 1 of the Orcish Mines
  8417 | Orc:1    | Noticed an orc sorcerer
  8496 | D:10     | Reached skill level 11 in Fighting
  8517 | D:10     | Reached skill level 10 in Maces & Flails
  8608 | D:10     | Found Saamoshro's Antique Armour Boutique.
  9144 | D:10     | Found a basalt altar of Yredelemnul.
  9176 | D:10     | Noticed Snorg
  9201 | D:10     | HP: 5/105 [Snorg (14)]
  9202 | D:10     | HP: 2/105 [Snorg (1)]
  9203 | D:10     | Slain by Snorg

Illustrated notes

Levels and vault maps discovered:
D:1:      hellmonk_arrival_library, layout_basic
D:2:      layout_basic, ebering_ecumenical_altar_mist, basic_altar
D:3:      layout_rooms, nicolae_grassy_gnolls, uniq_terence
D:4:      layout_loops_ring, nemelex_spade_bored_becter,
          minmay_temple_entry_mist, minmay_unequal
D:5:      layout_basic, kennysheep_little_box, minitemple,
          hangedman_abyss_or_decor_passed, corexii_shack, uniq_eustachio
D:6:      layout_basic, lemuel_coloured_pillars_altar, portal_sewer_entry_e,
          uniq_jeremiah
D:7:      layout_loops_cross, fedhas_bush_and_centaur_altar
D:8:      layout_gridville, serial_shops, nicolae_shop_bloodbath_and_beyond
D:9:      layout_loops_ring, lemuel_doored_altar, orc_0_dummy,
          nicolae_shop_self_help, uniq_erica
D:10:     layout_basic, mainiacjoe_overflow_catwalk, dpeg_lair_monsters,
          serial_shops, shop, hangedman_corner_corridor, uniq_snorg
D:11:     layout_roguey [special_room_bee], hangedman_misty_isle, uniq_lodul
Temple:   nicolae_temple_ecumenical_triangle
Orc:1:    layout_caves

Skill      XL: |  1  2  3  4  5  6  7  8  9 10 |
---------------+-------------------------------+-----
Fighting       | 4 5 7 8 10 11 | 11.4
Shields        | 4 |  4.1
Armour         | 4 |  4.1
Maces & Flails | 3 4 6 7 9 10 | 10.2
Invocations    | 2 5 6 |  6.2

Action                     |  1- 3 |  4- 6 |  7- 9 | 10-12 || total
---------------------------+-------+-------+-------+-------++-------
  Melee: Flail             |    97 |    48 |   201 |   217 ||   563
         Spear             |       |    75 |    95 |       ||   170
  Throw: Dart              |       |    11 |    19 |     3 ||    33
 Invoke: Recite            |       |       |     9 |     7 ||    16
         Vitalisation      |       |       |     4 |     5 ||     9
  Evoke: Wand              |       |       |     9 |     8 ||    17
    Use: Scroll            |     1 |    10 |     9 |     1 ||    21
         Potion            |       |     1 |     8 |     2 ||    11
   Stab: Confused          |       |       |     1 |     4 ||     5
 Armour: Scale mail        |    12 |       |       |       ||    12
         Plate armour      |    69 |    87 |   292 |   156 ||   604
  Dodge: Dodged            |    20 |    30 |   105 |    54 ||   209
  Block: Buckler           |    25 |    14 |       |       ||    39
         Kite shield       |       |    21 |   125 |    82 ||   228
